 Dungeon Crawl Stone Soup version 0.27-a0-1006-g1fd4cec11e (webtiles) character file.

Game seed: 15217976788545777189

179 spiderkeys the Distorting Demonspawn (level 5, -7/42 HPs)
             Began as a Demonspawn Abyssal Knight on Apr 17, 2021.
             Was a Believer of Lugonu.
             Killed by nerve-wracking pain
             ... invoked by an orc priest
              (14 damage)
             ... on level 3 of the Dungeon.
             The game lasted 00:05:08 (3074 turns).

spiderkeys the Distorting Demonspawn (DsAK)         Turns: 3074, Time: 00:05:08

Health: -7/42      AC: 24    Str: 14    XL:     5   Next: 33%
Magic:  7/7        EV:  5    Int: 13    God:    Lugonu [**....]
Gold:   234        SH:  0    Dex: 18    Spells: 4/4 levels left

rFire    + . .     SeeInvis .   i - +2 mace (protect)
rCold    + . .     Faith    .   (no shield)
rNeg     . . .     Spirit   .   d - +3 gold dragon scales {rare}
rPois    +         Reflect  .   (no helmet)
rElec    .         Harm     .   e - +0 cloak
rCorr    .         Rampage  .   (no gloves)
Will     +....                  (no boots)
Stlth    ..........             (no amulet)
HPRegen  0.14/turn              h - ring of willpower
MPRegen  0.10/turn              D - +6 ring of dexterity

@: under a protective aura
A: sturdy frame 3
a: Renounce Religion, Depart the Abyss, Bend Space


You were on level 3 of the Dungeon.
You worshipped Lugonu.
Lugonu was pleased with you.
You visited 1 branch of the dungeon, and saw 3 of its levels.
You visited the Abyss 1 time.

You collected 234 gold pieces.


Innate Abilities, Weirdness & Mutations

Your movements are significantly less encumbered by armour. (ER -6)


   Skills:
 + Level 3.8 Fighting
 + Level 2.8 Polearms
 * Level 3.3 Armour
 - Level 1.0 Dodging
 + Level 3.9 Invocations


You had 4 spell levels left.
You didn't know any spells.
Your spell library contained the following spells:

 Spells                   Type           Power      Damage    Failure   Level
 Summon Small Mammal      Summ           0%         N/A       100%        1
 Call Imp                 Summ           0%         N/A       100%        2
 Call Canine Familiar     Summ           0%         N/A       100%        3
 Summon Guardian Golem    Hex/Summ       0%         N/A       100%        3
 Summon Ice Beast         Ice/Summ       0%         N/A       100%        4
 Summon Lightning Spire   Summ/Air       0%         N/A       100%        4

Inventory:

Hand Weapons
 a - a +1 spear
 i - a +2 mace of protection (weapon)
   (You found it on level 2 of the Dungeon)
Missiles
 l - 17 stones
 m - 48 sling bullets
 n - 16 bolts
Armour
 b - a +0 leather armour
 d - +3 gold dragon scales (worn) {rare}
   (You found it on level 2 of the Abyss)
 e - a +0 cloak (worn)
   (You found it on level 2 of the Abyss)
Jewellery
 h - a ring of willpower (left hand)
   (You found it on level 1 of the Dungeon)
 D - a +6 ring of dexterity (right hand)
   (You found it on level 2 of the Dungeon)
Scrolls
 f - a scroll of holy word {!r}
 o - a scroll of silence {!r}
Potions
 c - a potion of flight
 g - a potion of might
 k - 2 potions of heal wounds {unknown}
 p - a potion of lignification {unknown}

Dungeon Overview and Level Annotations

Branches:
Dungeon (3/15)

Altars:

Annotations:
D:2 1 runed translucent door, Crazy Yiuf

.#.# #.# ...... #
.#.#### #.####..###[##
.#....####.##..........
#####................#
.#....###.###.#......#
.#.#####.#.##.#......#
.#.# #.###.#.#####.##
...# ##.#.##.####...#
#### ##.###...@o...#
#.# ######...###### #.#
#......... #.#
#...#####. #.#
#.............
..................
....#......S....... #.#
######o........
#...######


You could see an orc priest.


Message History

The orc priest looks satisfied for a moment.
The orc hits you but does no damage.
You hit the orc. The orc barely misses you.
You hit the orc. The orc hits you but does no damage. x2
You barely miss the orc. The orc hits you but does no damage.
You sock the orc!
You kill the orc!
Lugonu accepts your kill.
The orc priest calls down the wrath of Beogh upon you.
Pain shoots through your body! 😕 HP[-6]
You take 6 damage, and now have 36/42 hp.
You hit the orc. The orc barely misses you.
The orc hits you but does no damage.
You hit the orc.
The orc priest calls upon Beogh to heal the orc.
The orc's wounds heal themselves!
The orc hits you with a +0 club. 😕 HP[-1]
You take 1 damage, and now have 35/42 hp.
You hit the orc but do no damage. The orc hits you but does no damage.
The orc barely misses you.
You hit the orc. The orc hits you but does no damage.
You barely miss the orc. The orc barely misses you. 😕 HP[+1]
You sock the orc!
You kill the orc!
Lugonu accepts your kill. The orc hits you but does no damage.
You barely miss the orc. The orc completely misses you.
You hit the orc. The orc hits you but does no damage.
The orc priest invokes the aid of Beogh against you.
Beogh smites you!
The orc hits you but does no damage. 😮 HP[-12]
You take 12 damage, and now have 24/42 hp.
MASSIVE DAMAGE!! (PAUSE)
You hit the orc.
You kill the orc!
Lugonu accepts your kill.
Your gold dragon scales prevents you from hitting the orc priest.
The orc priest hits you but does no damage. x2 😮 HP[+1]
You hit the orc priest.
The orc priest hits you but does no damage.
You hit the orc priest.
The orc priest hits you but does no damage.
You hit the orc priest.
The orc priest casts a cantrip, but nothing happens.
The orc priest hits you but does no damage.
You barely miss the orc priest.
The orc priest calls down the wrath of Beogh upon you.
Pain shoots through your body! 😮 HP[-2]
You take 2 damage, and now have 23/42 hp.
You hit the orc priest but do no damage.
The orc priest hits you but does no damage. x2 😮 HP[+1]
You hit the orc priest but do no damage.
The orc priest hits you but does no damage.
You closely miss the orc priest. The orc priest barely misses you.
You hit the orc priest.
The orc priest hits you but does no damage. x2
You hit the orc priest.
The orc priest hits you but does no damage.
You hit the orc priest.
The orc priest mumbles some strange prayers to Beogh against you.
Beogh smites you!
* * * LOW HITPOINT WARNING * * *
The orc priest hits you but does no damage. 😨 HP[-12]
You take 12 damage, and now have 12/42 hp.
MASSIVE DAMAGE!! (PAUSE)
Your gold dragon scales prevents you from hitting the orc priest.
The orc priest hits you but does no damage.
You feel better.
The orc priest invokes the aid of Beogh against you.
You resist with some effort. 😨 HP[+6]
You regained 6 hp, and now have 18/42 hp.
You closely miss the orc priest.
The orc priest begins to cast a cantrip, but forgets the words!
You closely miss the orc priest.
The orc priest hits you but does no damage.
The orc priest looks encouraged for a moment.
You hit the orc priest but do no damage.
Your weapon exudes an aura of protection.
The orc priest hits you but does no damage. 😨 HP[+1]
You hit the orc priest but do no damage.
The orc priest invokes the aid of Beogh against you.
Beogh smites you!
* * * LOW HITPOINT WARNING * * *
The orc priest calls down the wrath of Beogh upon you.
You resist with some effort. 😱 HP[-12]
You take 12 damage, and now have 7/42 hp.
MASSIVE DAMAGE!! (PAUSE)
You closely miss the orc priest.
The orc priest calls down the wrath of Beogh upon you.
Pain shoots through your body!
You die...

Skill      XL: |  1  2  3  4 |
---------------+-------------+-----
Dodging        | 1 |  1.0
Armour         | 2 3 |  3.3
Polearms       | 2 |  2.8
Invocations    | 3 |  3.9
Fighting       | |  3.8

Action                   |  1- 3 |  4- 6 || total
-------------------------+-------+-------++-------
Melee: Spear             |    86 |       ||    86
       Mace              |    52 |   131 ||   183
Invok: Depart the Abyss  |     1 |       ||     1
  Use: Scroll            |     9 |     2 ||    11
       Potion            |     1 |     1 ||     2
Armor: Gold dragon scale |   195 |   165 ||   360
Dodge: Dodged            |     9 |    37 ||    46

Levels and vault maps discovered:
D:1:      dpeg_arrival_tiny_f, layout_basic,
          hangedman_abyss_or_decor_lesser_grid, minmay_vboxes
D:2:      minmay_thinvault, layout_loops_corners, hex_medium,
          uniq_crazy_yiuf_cottage
D:3:      layout_loops_cross

Notes
Turn   | Place    | Note
-------+----------+-------------------------------------------
     0 | Abyss:1  | spiderkeys the Demonspawn Abyssal Knight began the quest
                  | for the Orb.
     0 | Abyss:1  | Reached XP level 1. HP: 18/18 MP: 2/2
     0 | Abyss:1  | magus.rc [v1.9.10]
   196 | Abyss:2  | Identified +0 gold dragon scales
   197 | Abyss:2  | d - +0 gold dragon scales {rare}
   227 | Abyss:3  | Noticed a rakshasa
   227 | Abyss:3  | Noticed a glowing orange brain
   227 | Abyss:3  | Noticed a rakshasa
   227 | Abyss:3  | Noticed an efreet
   227 | Abyss:3  | Noticed a neqoxec
   227 | Abyss:3  | Noticed a hell hog
   227 | Abyss:3  | Noticed an Executioner
   228 | D:1      | You pass through the gate.
   228 | D:1      | Escaped the Abyss
   239 | D:1      | You finish putting on your +0 gold dragon scales {rare}.
   393 | D:1      | Reached * piety under Lugonu
   394 | D:1      | Reached skill level 1 in Dodging
   418 | D:1      | Reached skill level 2 in Armour
   451 | D:1      | Gained mutation: Your movements are slightly less
                  | encumbered by armour. (ER -2) [demonic ancestry]
   451 | D:1      | Reached XP level 2. HP: 24/24 MP: 3/3
   530 | D:1      | Reached skill level 2 in Polearms
   823 | D:1      | your +0 gold dragon scales {rare} glow green for a moment.
  1170 | D:1      | your +1 gold dragon scales {rare} glow green for a moment.
  1326 | D:2      | Reached skill level 3 in Invocations
  1326 | D:2      | Reached XP level 3. HP: 26/29 MP: 5/5
  1701 | D:2      | Reached ** piety under Lugonu
  1758 | D:2      | Found a runed translucent door.
  1789 | D:2      | Noticed Crazy Yiuf
  1825 | D:2      | Gained mutation: Your movements are less encumbered by
                  | armour. (ER -4) [demonic ancestry]
  1825 | D:2      | Reached XP level 4. HP: 35/35 MP: 6/6
  2184 | D:2      | You pick up a book of Callings and begin reading...
  2184 | D:2      | You add the spells Summon Small Mammal, Call Imp, Call
                  | Canine Familiar, Summon Guardian Golem, Summon Lightning
                  | Spire and Summon Ice Beast to your library.
  2329 | D:2      | Reached skill level 3 in Armour
  2441 | D:2      | your +2 gold dragon scales {rare} glow green for a moment.
  2741 | D:3      | Gained mutation: Your movements are significantly less
                  | encumbered by armour. (ER -6) [demonic ancestry]
  2741 | D:3      | Reached XP level 5. HP: 16/42 MP: 7/7
  3073 | D:3      | HP: 7/42 [orc priest/divine providence (12)]
  3074 | D:3      | Killed from afar by an orc priest

Vanquished Creatures
  An orc priest (D:3)
  7 adders
  A worm (D:2)
  3 dart slugs (D:2)
  7 orcs
  6 ball pythons
  7 endoplasms
  5 giant cockroaches
  2 goblins
  4 hobgoblins
  3 jackals (D:1)
  5 quokkas
  6 bats
  A frilled lizard (D:1)
  10 kobolds
  5 rats
73 creatures vanquished.

Table legend:
 A = Non-vault XP
 B = Vault XP
 C = Vault XP percentage of total XP
 D = Non-vault monster count
 E = Vault monster count
 F = Vault count percentage of total count
                 A         B        C        D         E       F
            +---------+---------+-------+---------+---------+-------
      Total |     171 |      86 |  33.5 |      46 |      27 |  37.0
            +---------+---------+-------+---------+---------+-------
        D:1 |      27 |       9 |  25.0 |      16 |       6 |  27.3
        D:2 |      63 |      77 |  55.0 |      17 |      21 |  55.3
        D:3 |      81 |       0 |   0.0 |      13 |       0 |   0.0
            +---------+---------+-------+---------+---------+-------

Illustrated notes

Table legend:
 A = Kills in this place as a percentage of kills in entire the game.
 B = Kills by you in this place as a percentage of kills by you in the entire game.
 C = Kills by friends in this place as a percentage of kills by friends in the entire game.
 D = Other kills in this place as a percentage of other kills in the entire game.
 E = Experience gained in this place as a percentage of experience gained in the entire game.
 F = Experience gained in this place divided by the number of levels of this place that you have seen.
                   A       B       C       D       E      F
               +-------+-------+-------+-------+-------+----------------------
         Total | 100.0 | 100.0 |   N/A |   N/A | 100.0 |  42.8
       Dungeon | 100.0 | 100.0 |   N/A |   N/A | 100.0 |  85.7
               +-------+-------+-------+-------+-------+----------------------

Table legend: (Time is in decaauts)
 A = Elapsed time spent in this place.
 B = Non-inter-level travel time spent in this place.
 C = Inter-level travel time spent in this place.
 D = Time resting spent in this place.
 E = Time spent auto-exploring this place.
 F = Levels seen in this place.
 G = Mean time per level.
                   A        B        C        D        E       F      G
               +--------+--------+--------+--------+--------+-----+--------+
         Total |   3144 |   3042 |    102 |    279 |   2127 |   6 |  524.0 |
       Dungeon |   2917 |   2815 |    102 |    279 |   1974 |   3 |  972.3 |
         Abyss |    227 |    227 |      0 |      0 |    153 |   3 |   75.7 |
               +--------+--------+--------+--------+--------+-----+--------+

Top non-repeatable levels by time:
     D:2: 1464 daAuts
     D:1: 1081 daAuts
     D:3: 370 daAuts
 Abyss:1: 191 daAuts
 Abyss:2: 25 daAuts
 Abyss:3: 10 daAuts
